 Dungeon Crawl Stone Soup version 0.27.0-1-g7a089689b8 (webtiles) character file.

Game seed: 11152558135359503958

37 SnakkuSnakku7 the Chopper (level 3, -1/30 HPs)
             Began as a Vine Stalker Berserker on Aug 11, 2021.
             Was a Follower of Trog.
             Frozen to death by an endoplasm (3 damage)
             ... on level 2 of the Dungeon.
             The game lasted 00:00:55 (959 turns).

SnakkuSnakku7 the Chopper (Vine Stalker Berserker)   Turns: 959, Time: 00:00:55

Health: -1/30      AC:  5    Str: 20    XL:     3   Next: 41%
Magic:  0/4        EV: 11    Int:  7    God:    Trog [*.....]
Gold:   15         SH:  0    Dex: 13    Spells: 2/2 levels left

rFire    . . .     SeeInvis .   a - +0 hand axe
rCold    . . .     Faith    .   (no shield)
rNeg     . . .     Spirit   +   c - +0 ring mail
rPois    .         Reflect  .   (no helmet)
rElec    .         Harm     .   (no cloak)
rCorr    .         Rampage  .   (no gloves)
Will     .....                  (no boots)
Stlth    ..........             (no amulet)
HPRegen  0.10/turn              (no ring)
MPRegen  0.09/turn              (no ring)

@: berserking, very quick
A: fangs 2, magic shield, antimagic bite, no potion heal 2
a: Renounce Religion, Berserk


You were on level 2 of the Dungeon.
You worshipped Trog.
Trog was aware of your devotion.
You visited 1 branch of the dungeon, and saw 2 of its levels.

You collected 15 gold pieces.

Inventory:

Hand Weapons
 a - a +0 hand axe (weapon)
Armour
 b - a +0 animal skin
 c - a +0 ring mail (worn)
Scrolls
 h - a scroll of teleportation {unknown}
Potions
 d - a potion of haste {unknown}
 e - a potion of lignification {unknown}
 f - a potion of heal wounds {unknown}
 g - a potion of attraction {unknown}


   Skills:
 + Level 3.3 Fighting
 + Level 3.4 Axes
 - Level 1.5 Armour
 - Level 1.5 Dodging


You had 2 spell levels left.
You didn't know any spells.
Your spell library was empty.

Dungeon Overview and Level Annotations

Branches:
Dungeon (2/15)

Altars:


Innate Abilities, Weirdness & Mutations

You have extremely sharp teeth.
When hurt, damage is shared between your health and your magic reserves.
Your bite disrupts and absorbs the magic of your enemies.
Potions cannot restore your health.


Message History

An endoplasm is nearby!
You barely miss the endoplasm. You bite the endoplasm. You drain its power.
The endoplasm is lightly wounded.
The endoplasm hits you but does no damage.
You hit the endoplasm.
The endoplasm is severely wounded.
The endoplasm hits you but does no damage.
You hit the endoplasm but do no damage. You bite the endoplasm.
You drain its power.
The endoplasm is almost dead.
The endoplasm freezes you.
You are frozen.
You hit the endoplasm.
You kill the endoplasm!
Trog accepts your kill.
A kobold comes into view. It is wielding a +0 short sword.
The kobold shouts!
The kobold moves out of view.
An endoplasm comes into view.
The endoplasm quivers.
There are monsters nearby!
The kobold hits you but does no damage.
You hit the kobold but do no damage. You hit the endoplasm.
The kobold hits you with a +0 short sword.
The endoplasm closely misses you.
You hit the endoplasm.
You bite the endoplasm, but do no damage.
The endoplasm is moderately wounded.
You closely miss the kobold.
The kobold hits you with a +0 short sword.
The endoplasm freezes you.
You are frozen.
* * * LOW HITPOINT WARNING * * *
The kobold hits you with a +0 short sword.
* * * LOW HITPOINT WARNING * * *
A red film seems to cover your vision as you go berserk!
You feel yourself moving faster!
You feel mighty! The endoplasm freezes you.
You are frozen.
You die...

#........##############
#.............. .......
#..........############
#...(...##.#....<####
+...........>##......#
#########.....######.#
########.....# #.#
#............# #.#
#.....@......# #.#
#....KJ......# #.###
#............# #....
+.......#....# #####
#.......#....# ##
.........###+## #.
..#####... ####. .#
#### #.... #####


You could see an endoplasm and a kobold.

Vanquished Creatures
  A gnoll (D:1)
  A dart slug (D:1)
  2 endoplasms
  A goblin (D:1)
  6 hobgoblins (D:1)
  A jackal (D:1)
  A kobold (D:1)
  4 ball pythons
  A bat (D:1)
  3 frilled lizards (D:1)
  3 rats (D:1)
24 creatures vanquished.

Notes
Turn   | Place    | Note
-------+----------+-------------------------------------------
     0 | D:1      | SnakkuSnakku7 the Vine Stalker Berserker began the quest
                  | for the Orb.
     0 | D:1      | Reached XP level 1. HP: 11/11 MP: 2/2
   132 | D:1      | Reached XP level 2. HP: 13/16 MP: 3/3
   595 | D:1      | Reached XP level 3. HP: 20/20 MP: 4/4
   684 | D:1      | Found a faded altar of an unknown god.
   958 | D:2      | HP: 1/20 [kobold (4)]
   959 | D:2      | Frozen to death by an endoplasm

Illustrated notes

Levels and vault maps discovered:
D:1:      nicolae_arrival_washed_ashore, layout_loops_corners,
          dilly_ecumenical_altar_fadedgnrine, st_stairs_8
D:2:      layout_basic, serial_shops, nicolae_square_shop, uniq_terence

Skill      XL: |  1  2 |
---------------+-------+-----
Fighting       | 3 |  3.3
Axes           | 3 |  3.4
Armour         | |  1.5
Dodging        | |  1.5

Action                   || total
-------------------------++-------
Melee: Hand axe          ||    61
       Bite              ||    16
Invok: Berserk           ||     2
Armor: Ring mail         ||    16
Dodge: Dodged            ||    43
